[Event "XVI Memorial Lezcano Montalvo 2024"]
[Site "Gran Canaria"]
[Date "2024.03.31"]
[Round "9.19"]
[White "Marrero Rodriguez, Jorge"]
[Black "Quiceno Ramirez, Edwin Alejandro"]
[Result "1-0"]
[ECO "D27"]
[WhiteElo "2177"]
[BlackElo "1888"]
[Annotator "RC"]
[PlyCount "67"]
[EventDate "2024.03.23"]
[EventType "swiss"]
[EventCountry "ESP"]
[SourceTitle "playchess.com"]
[Source "ChessBase"]
[SourceQuality "1"]
[TimeControl "5400+30"]

1. d4 d5 2. c4 dxc4 3. Nf3 Nf6 4. e3 e6 5. Bxc4 c5 6. O-O a6 7. Re1 b5 8. Bf1 Bb7 9. a4 b4 10. b3 Nbd7 11. Bb2 Be7 12. Nbd2 O-O 13. Rc1 Rc8 14. Bd3 h6 15. Qe2 a5 16. e4 cxd4 17. Rxc8 Qxc8 18. Nc4 Qa8 19. e5 Nh5 20. Bxd4 Nf4 21. Qe3 Nxd3 22. Qxd3 Bxf3 23. Qxf3 Qxf3 24. gxf3 Ra8 25. Rd1 Bc5 26. Be3 Ra7 27. Rxd7 Rxd7 28. Bxc5 Rd3 29. Nxa5 Rxf3 30. Bxb4 Rd3 31. Bd6 f6 32. b4 fxe5 33. Bxe5 Ra3 34. b5 1-0

[Event "XVI Memorial Lezcano Montalvo 2024"]
[Site "Gran Canaria"]
[Date "2024.03.31"]
[Round "9.20"]
[White "Marrero Cardenes, Agustin"]
[Black "Ramos Santana, Marcelino"]
[Result "1-0"]
[ECO "D15"]
[WhiteElo "2093"]
[BlackElo "1897"]
[Annotator "NA RC"]
[PlyCount "43"]
[EventDate "2024.03.23"]
[EventType "swiss"]
[EventCountry "ESP"]
[SourceTitle "playchess.com"]
[Source "ChessBase"]
[SourceQuality "1"]
[TimeControl "5400+30"]

1. d4 d5 2. Nf3 Nf6 3. c4 c6 4. Nc3 a6 5. a4 e6 6. e3 Be7 7. cxd5 exd5 8. Qc2 O-O 9. Bd3 a5 10. Bd2 Re8 11. O-O Bg4 12. Ne5 Bh5 13. f4 c5 14. Bb5 cxd4 15. exd4 Nfd7 16. Nxd7 Nxd7 17. Qf5 Nf6 18. Bxe8 Qxe8 19. Nxd5 Bg6 20. Nxe7+ Qxe7 21. Qe5 Qd7 22. Bc3 1-0

[Event "XVI Memorial Lezcano Montalvo 2024"]
[Site "Gran Canaria"]
[Date "2024.03.31"]
[Round "9.21"]
[White "Perez Bolanos, David"]
[Black "Broeder, Hans-Gert"]
[Result "1-0"]
[ECO "D10"]
[WhiteElo "2053"]
[BlackElo "1860"]
[Annotator "NA RC"]
[PlyCount "63"]
[EventDate "2024.03.23"]
[EventType "swiss"]
[EventCountry "ESP"]
[SourceTitle "playchess.com"]
[Source "ChessBase"]
[SourceQuality "1"]
[TimeControl "5400+30"]

1. d4 d5 2. c4 c6 3. Nc3 dxc4 4. e3 b5 5. a4 b4 6. Ne4 c3 7. bxc3 f5 8. Nc5 e5 9. cxb4 Bxc5 10. dxc5 Qxd1+ 11. Kxd1 Be6 12. Bb2 Nd7 13. Nf3 Ngf6 14. Nxe5 Nxe5 15. Bxe5 Ne4 16. Ke1 O-O 17. f3 Nf6 18. Bxf6 Rxf6 19. Bd3 Rf7 20. Ke2 Rc7 21. Rhc1 a6 22. Bc4 Kf7 23. Bxe6+ Kxe6 24. Rd1 a5 25. Rab1 axb4 26. Rxb4 Ra5 27. Rc4 Ke7 28. Rb4 Ke6 29. Rc4 Ke7 30. h4 Rb7 31. Kf2 Rb3 32. Rdd4 1-0

[Event "XVI Memorial Lezcano Montalvo 2024"]
[Site "Gran Canaria"]
[Date "2024.03.31"]
[Round "9.23"]
[White "Segura Marsa, Andres"]
[Black "Mesa Rodriguez, Antonio"]
[Result "1/2-1/2"]
[ECO "B76"]
[WhiteElo "1987"]
[BlackElo "1697"]
[Annotator "RC"]
[PlyCount "143"]
[EventDate "2024.03.23"]
[EventType "swiss"]
[EventCountry "ESP"]
[SourceTitle "playchess.com"]
[Source "ChessBase"]
[SourceQuality "1"]
[TimeControl "5400+30"]

1. e4 c5 2. Nf3 d6 3. d4 cxd4 4. Nxd4 Nf6 5. Nc3 g6 6. Be3 Bg7 7. f3 O-O 8. Qd2 Nc6 9. g4 h5 10. gxh5 Nxh5 11. O-O-O Bd7 12. Be2 Rc8 13. Kb1 Ne5 14. f4 Nc4 15. Bxc4 Rxc4 16. f5 Qa5 17. Rhg1 gxf5 18. Qe2 Rxc3 19. Qxh5 Rxe3 20. Qg5 Qe5 21. Qxe3 fxe4 22. Rg5 f5 23. Qb3+ e6 24. Qxb7 Rf7 25. Qb8+ Rf8 26. Qxa7 Be8 27. Rdg1 Rf7 28. Qb8 Kf8 29. Nc6 Qd5 30. Nd8 Rd7 31. Qc8 e3 32. R5g2 Qe5 33. Qc3 Qxc3 34. bxc3 Bxc3 35. Nxe6+ Ke7 36. Nf4 Rb7+ 37. Kc1 Bc6 38. Rg3 Bd2+ 39. Kd1 Bf3+ 40. Rxf3 Rb1+ 41. Ke2 Rxg1 42. Nd5+ Ke6 43. Nxe3 Bxe3 44. Rxe3+ Kd5 45. Kd3 Ra1 46. Re2 Rd1+ 47. Kc3 Rf1 48. Kd3 f4 49. c4+ Kc5 50. Rb2 Rd1+ 51. Rd2 Rc1 52. Rc2 Rd1+ 53. Ke4 Rd4+ 54. Kf3 d5 55. cxd5+ Kxd5 56. h4 Ke5 57. Rc5+ Kf6 58. Ra5 Kg6 59. a4 Kh6 60. h5 Rc4 61. Kg4 Rb4 62. Ra6+ Kg7 63. a5 Ra4 64. Ra8 Kh7 65. a6 Kg7 66. Kg5 f3 67. h6+ Kh7 68. Ra7+ Kg8 69. Ra8+ Kh7 70. Rf8 Rxa6 71. Rf7+ Kh8 72. Rxf3 1/2-1/2

[Event "XVI Memorial Lezcano Montalvo 2024"]
[Site "Gran Canaria"]
[Date "2024.03.31"]
[Round "9.25"]
[White "Garcia Rodriguez, Adriana"]
[Black "Martin Ramos, Daniel"]
[Result "0-1"]
[ECO "B22"]
[WhiteElo "1854"]
[BlackElo "1961"]
[Annotator "NA RC"]
[PlyCount "112"]
[EventDate "2024.03.23"]
[EventType "swiss"]
[EventCountry "ESP"]
[SourceTitle "playchess.com"]
[Source "ChessBase"]
[SourceQuality "1"]
[TimeControl "5400+30"]

1. e4 c5 2. c3 e6 3. d4 d5 4. exd5 Qxd5 5. Nf3 Nf6 6. Be2 Nc6 7. Na3 a6 8. Nc4 Qd8 9. a4 cxd4 10. Nxd4 Nxd4 11. Qxd4 Qxd4 12. cxd4 Bd7 13. Bf4 Bb4+ 14. Kf1 Bc6 15. Nb6 Rd8 16. Rd1 Nd5 17. Nxd5 Bxd5 18. Rc1 O-O 19. f3 Rc8 20. Kf2 Bb3 21. Bd1 Rxc1 22. Bxc1 Bd5 23. Ke3 Rc8 24. Bd2 Rc4 25. Bb3 Bxd2+ 26. Kxd2 Rxd4+ 27. Kc3 Rh4 28. Rd1 Rxh2 29. Bxd5 exd5 30. Rxd5 g6 31. g4 Rf2 32. Rd3 Kg7 33. b3 Kf6 34. Kd4 Re2 35. Kc5 Re6 36. a5 Re5+ 37. Kb6 Rb5+ 38. Kc7 h5 39. gxh5 gxh5 40. Rd6+ Kg5 41. f4+ Kg4 42. Rf6 h4 43. Rxf7 h3 44. f5 Rxf5 45. Rg7+ Rg5 46. Rh7 Rb5 47. Rg7+ Kf3 48. Rh7 Kg2 49. Rg7+ Kh1 50. Rg3 h2 51. Kc8 Rxa5 52. Kxb7 Ra2 53. Kb6 Rg2 54. Rh3 Rg6+ 55. Kc5 Kg2 56. Rxh2+ Kxh2 0-1

[Event "XVI Memorial Lezcano Montalvo 2024"]
[Site "Gran Canaria"]
[Date "2024.03.31"]
[Round "9.27"]
[White "Gonzalez Martinez, Miguel Angel"]
[Black "Bangiev, Katharina"]
[Result "0-1"]
[ECO "B22"]
[WhiteElo "2158"]
[BlackElo "1779"]
[Annotator "RC"]
[PlyCount "72"]
[EventDate "2024.03.23"]
[EventType "swiss"]
[EventCountry "ESP"]
[SourceTitle "playchess.com"]
[Source "ChessBase"]
[SourceQuality "1"]
[TimeControl "5400+30"]

1. e4 c5 2. c3 Nf6 3. e5 Nd5 4. Bc4 Nb6 5. Bb3 c4 6. Bc2 Nc6 7. Nf3 d6 8. exd6 Qxd6 9. O-O Bg4 10. d4 cxd3 11. Bxd3 Rd8 12. Be2 e6 13. Nbd2 Qc7 14. Qb3 Bd6 15. h3 Bf5 16. a4 a6 17. a5 Nd5 18. Nc4 Bc5 19. Nh4 O-O 20. Nxf5 exf5 21. Bg5 Be7 22. Bxe7 Qxe7 23. Rfe1 Qc7 24. Bf3 g6 25. Rad1 Nf6 26. Qb6 Qxb6 27. axb6 Rxd1 28. Rxd1 Rd8 29. Rd6 Ne4 30. Rxd8+ Nxd8 31. Bxe4 fxe4 32. Nd6 f5 33. c4 Kf8 34. c5 Ke7 35. Nxb7 Nxb7 36. c6 Nd8 0-1

[Event "XVI Memorial Lezcano Montalvo 2024"]
[Site "Gran Canaria"]
[Date "2024.03.31"]
[Round "9.29"]
[White "Guerrero Orihuela, Jose Luis"]
[Black "Cabrera Ramos, Javier"]
[Result "1-0"]
[ECO "A40"]
[WhiteElo "1948"]
[BlackElo "1784"]
[Annotator "NA RC"]
[PlyCount "51"]
[EventDate "2024.03.23"]
[EventType "swiss"]
[EventCountry "ESP"]
[SourceTitle "playchess.com"]
[Source "ChessBase"]
[SourceQuality "1"]
[TimeControl "5400+30"]

1. d4 e5 2. dxe5 d6 3. exd6 Bxd6 4. Nf3 Nc6 5. e3 Bg4 6. Be2 Qe7 7. Nd4 Nxd4 8. Bxg4 Ne6 9. Nc3 O-O-O 10. Bd2 h5 11. Bxe6+ Qxe6 12. Qf3 g5 13. O-O-O Be5 14. Kb1 f5 15. Qe2 Nf6 16. h3 Qb6 17. f3 Nd5 18. Qc4 Rhe8 19. e4 fxe4 20. fxe4 Bxc3 21. Bxc3 Rxe4 22. Qd3 c6 23. Ba5 Qxa5 24. Qxe4 Qb5 25. Qd3 Qc5 26. c4 1-0

[Event "XVI Memorial Lezcano Montalvo 2024"]
[Site "Gran Canaria"]
[Date "2024.03.31"]
[Round "9.30"]
[White "Quevedo Olivares, Carlos Tomas"]
[Black "de Leon Navarro, Claudio"]
[Result "0-1"]
[ECO "C41"]
[WhiteElo "1763"]
[BlackElo "1931"]
[Annotator "RC"]
[PlyCount "107"]
[EventDate "2024.03.23"]
[EventType "swiss"]
[EventCountry "ESP"]
[SourceTitle "playchess.com"]
[Source "ChessBase"]
[SourceQuality "1"]
[TimeControl "5400+30"]

1. e4 e5 2. Nf3 Nc6 3. Bc4 Nf6 4. O-O Be7 5. Re1 O-O 6. d4 d6 7. d5 Nb8 8. Nbd2 Ne8 9. Qe2 f5 10. Nxe5 dxe5 11. d6+ Kh8 12. dxe7 Qxe7 13. exf5 Bxf5 14. Nf3 Nd6 15. Bg5 Qe8 16. Nxe5 Nc6 17. Nxc6 Qxc6 18. Bd3 Bxd3 19. Qxd3 Qb6 20. Be3 Qb4 21. b3 Qxb3 22. Bd4 Qb5 23. Qg3 Nf5 24. Qe5 Nxd4 25. Qxd4 c5 26. Re5 b6 27. Rd1 cxd4 28. Rxb5 Rac8 29. Rd2 d3 30. Rb2 Rfd8 31. f3 dxc2 32. Rbxc2 h6 33. Rxd8+ Rxd8 34. Kf2 Rd3 35. Kg3 Kh7 36. Kf4 Rd5 37. Ke4 Ra5 38. f4 a6 39. g4 Ra3 40. Kf5 Ra5+ 41. Ke6 Ra4 42. Rf2 b5 43. h4 a5 44. h5 Ra3 45. Kf5 b4 46. g5 hxg5 47. fxg5 Rc3 48. Re2 a4 49. g6+ Kh6 50. Re8 Rc5+ 51. Kg4 Rg5+ 52. Kf3 Rxh5 53. Re6 Rb5 54. Ke2 0-1

[Event "XVI Memorial Lezcano Montalvo 2024"]
[Site "Gran Canaria"]
[Date "2024.03.31"]
[Round "9.31"]
[White "Ramirez Maillo, Juan Adonay"]
[Black "Lorenzo Merino, Hector"]
[Result "1-0"]
[ECO "B07"]
[WhiteElo "1918"]
[BlackElo "1586"]
[Annotator "NA RC"]
[PlyCount "60"]
[EventDate "2024.03.23"]
[EventType "swiss"]
[EventCountry "ESP"]
[SourceTitle "playchess.com"]
[Source "ChessBase"]
[SourceQuality "1"]
[TimeControl "5400+30"]

1. e4 d6 2. d4 Nf6 3. Nc3 c6 4. a4 Qa5 5. Bd3 e5 6. dxe5 dxe5 7. Nf3 h6 8. O-O Bg4 9. h3 Be6 10. Bd2 Qc7 11. a5 Nbd7 12. Ne2 Nc5 13. Ng3 Nxd3 14. cxd3 Rd8 15. Bc3 Bd6 16. Qe2 O-O 17. Nh4 Bc5 18. Nhf5 Kh7 19. b4 Bd6 20. Qf3 Rfe8 21. Bd2 Bf8 22. Nxh6 gxh6 23. Qxf6 Rxd3 24. Be3 Rxe3 25. fxe3 Bxb4 26. Nf5 Bf8 27. Rf3 Bxf5 28. Qxf5+ Kg8 29. Rg3+ Kh8 30. Qg4 Qc8 1-0

[Event "XVI Memorial Lezcano Montalvo 2024"]
[Site "Gran Canaria"]
[Date "2024.03.31"]
[Round "9.32"]
[White "Macias Reyes, Jose Luis"]
[Black "Perez Celis, Alba"]
[Result "0-1"]
[ECO "A48"]
[WhiteElo "1677"]
[BlackElo "1854"]
[Annotator "NA RC COMBH"]
[PlyCount "64"]
[EventDate "2024.03.23"]
[EventType "swiss"]
[EventCountry "ESP"]
[SourceTitle "playchess.com"]
[Source "ChessBase"]
[SourceQuality "1"]
[TimeControl "5400+30"]

1. d4 Nf6 2. Bf4 g6 3. e3 Bg7 4. Nf3 d6 5. Be2 Nbd7 6. h3 O-O 7. O-O Qe8 8. Bh2 e5 9. c4 Ne4 10. Qc2 f5 11. Nc3 Nxc3 12. bxc3 c5 13. Rfe1 Nb6 14. a4 Bd7 15. a5 Nc8 16. Rab1 b6 17. axb6 Nxb6 18. Ra1 Qe7 19. Ra5 e4 20. Nd2 g5 21. Nb3 cxd4 22. cxd4 f4 23. exf4 gxf4 24. Bf3 d5 25. cxd5 Qb4 26. Qd2 Qxb3 27. Be2 f3 28. Bf1 Nc4 29. Bxc4 Qxc4 30. Rxe4 Bb5 31. Ra1 fxg2 32. Be5 Qf1+ 0-1

[Event "XVI Memorial Lezcano Montalvo 2024"]
[Site "Gran Canaria"]
[Date "2024.03.31"]
[Round "9.33"]
[White "Juan Miguel, Javier"]
[Black "Sanchez Montesdeoca, Isaac"]
[Result "0-1"]
[ECO "D05"]
[WhiteElo "1597"]
[BlackElo "1832"]
[Annotator "NA RC COMBH"]
[PlyCount "122"]
[EventDate "2024.03.23"]
[EventType "swiss"]
[EventCountry "ESP"]
[SourceTitle "playchess.com"]
[Source "ChessBase"]
[SourceQuality "1"]
[TimeControl "5400+30"]

1. d4 d5 2. e3 Nf6 3. Bd3 g6 4. b3 Bg7 5. Bb2 c5 6. Nd2 O-O 7. Ngf3 b6 8. O-O Bb7 9. c4 e6 10. Qc2 Nbd7 11. Rfe1 Rc8 12. Rac1 Qc7 13. Ne5 Nxe5 14. dxe5 Nd7 15. f4 Qd8 16. Nf3 Qe7 17. Rcd1 Rfd8 18. Ba3 Qe8 19. Qf2 Nf8 20. Qe2 Rc7 21. Rd2 Ba8 22. Red1 Qe7 23. cxd5 exd5 24. e4 d4 25. Bc4 Qe8 26. Re1 Ne6 27. g3 Qc6 28. Bb5 Qb7 29. Ba6 Qb8 30. f5 Nf8 31. h4 Bh6 32. f6 Ne6 33. Rdd1 Bc6 34. Bd3 Qc8 35. Bc1 Bxc1 36. Rxc1 Qd7 37. Qd2 Qe8 38. Re2 b5 39. g4 Kh8 40. h5 Qd7 41. Qh6 Rg8 42. hxg6 Rxg6 43. Qh1 Nf4 44. Rh2 Qxg4+ 45. Kf1 h5 46. Rh4 Qg3 47. Rc2 Bd7 48. Rxh5+ Nxh5 49. Qxh5+ Kg8 50. Rh2 Kf8 51. Qh8+ Rg8 52. Qh6+ Ke8 53. Ke2 Bg4 54. Rf2 c4 55. bxc4 bxc4 56. Qd2 Bxf3+ 57. Rxf3 Qh2+ 58. Rf2 Qh5+ 59. Kf1 cxd3 60. Qxd3 Rc1+ 61. Qd1 Rxd1# 0-1

[Event "XVI Memorial Lezcano Montalvo 2024"]
[Site "Gran Canaria"]
[Date "2024.03.31"]
[Round "9.34"]
[White "Rivero Reyes, Alejandro"]
[Black "Fernandez Hernandez, Javier"]
[Result "0-1"]
[ECO "C77"]
[WhiteElo "1799"]
[BlackElo "1690"]
[Annotator "NA RC COMBH"]
[PlyCount "135"]
[EventDate "2024.03.23"]
[EventType "swiss"]
[EventCountry "ESP"]
[SourceTitle "playchess.com"]
[Source "ChessBase"]
[SourceQuality "1"]
[TimeControl "5400+30"]

1. e4 e5 2. Nf3 Nc6 3. Bb5 Nf6 4. d3 Bc5 5. c3 Qe7 6. O-O a6 7. Ba4 b5 8. Bc2 d6 9. Re1 Bg4 10. Nbd2 O-O 11. h3 Bh5 12. Nf1 h6 13. Ng3 Bg6 14. Nh4 Nd7 15. Nhf5 Qf6 16. Qf3 Rfe8 17. h4 Rab8 18. h5 Bh7 19. Re2 Nf8 20. Nxh6+ Kh8 21. Nxf7+ Kg8 22. Nh6+ Kh8 23. Nhf5 Ne6 24. Be3 Nf4 25. Rd2 Bb6 26. Bxf4 exf4 27. Qxf4 Ne5 28. Bb3 Rf8 29. d4 Nd7 30. Re1 Rbe8 31. Bc2 Re6 32. Qg4 a5 33. Nxg7 Re7 34. N7f5 Rg8 35. Qh4 Qxh4 36. Nxh4 Reg7 37. Bb3 Rf8 38. Nhf5 Rg5 39. Bd1 a4 40. Bf3 c5 41. dxc5 Bxc5 42. Nd4 Ne5 43. Ndf5 Bxf5 44. exf5 Rxg3 45. Be4 Rg4 46. b4 axb3 47. axb3 b4 48. c4 Rfg8 49. Kf1 Rf4 50. g3 Rxg3 51. Ra2 Ng4 52. Ra8+ Kg7 53. f6+ Nxf6 54. h6+ Kxh6 55. Rh8+ Kg7 56. Rh2 Rxb3 57. Bc6 Rb2 58. Rg2+ Kh6 59. Rh2+ Kg5 60. Rg2+ Ng4 61. f3 Rxg2 62. Kxg2 Ne3+ 63. Kh3 Rxc4 64. Rg1+ Kf4 65. Rg8 b3 66. Be4 Rb4 67. Rg1 Nc2 68. Rg2 0-1

[Event "XVI Memorial Lezcano Montalvo 2024"]
[Site "Gran Canaria"]
[Date "2024.03.31"]
[Round "9.35"]
[White "Gonzalez Perdomo, Sergio"]
[Black "Morell Rojas, Samuel"]
[Result "1-0"]
[ECO "E90"]
[WhiteElo "1792"]
[BlackElo "1590"]
[Annotator "NA RC COMBH"]
[PlyCount "96"]
[EventDate "2024.03.23"]
[EventType "swiss"]
[EventCountry "ESP"]
[SourceTitle "playchess.com"]
[Source "ChessBase"]
[SourceQuality "1"]
[TimeControl "5400+30"]

1. Nf3 Nf6 2. c4 g6 3. d4 Bg7 4. Nc3 O-O 5. e4 d6 6. h3 Re8 7. Bf4 Nbd7 8. Qd2 e5 9. dxe5 dxe5 10. Bg5 Nc5 11. Qxd8 Rxd8 12. Nd2 Be6 13. Nd5 Bxd5 14. cxd5 Rd7 15. f3 c6 16. Rc1 b6 17. dxc6 Rd6 18. b4 Ne6 19. Be3 Ne8 20. Ba6 N8c7 21. Bb7 Rad8 22. Nc4 Rd3 23. Ke2 Nf4+ 24. Bxf4 exf4 25. Rhd1 Rxd1 26. Rxd1 Rxd1 27. Kxd1 Bc3 28. a3 b5 29. Kc2 Bxb4 30. axb4 bxc4 31. Kc3 Kf8 32. Kxc4 Ke7 33. Kc5 Ke6 34. Bc8+ Ke5 35. b5 f6 36. b6 axb6+ 37. Kxb6 Kd6 38. Bd7 g5 39. Bf5 h6 40. Bg6 Na8+ 41. Kb7 Nc7 42. Bf7 Nb5 43. Bc4 Nc7 44. Bd5 Nb5 45. Kc8 Ke7 46. Bb3 Na7+ 47. Kc7 Nb5+ 48. Kc8 h5 1-0

[Event "XVI Memorial Lezcano Montalvo 2024"]
[Site "Gran Canaria"]
[Date "2024.03.31"]
[Round "9.36"]
[White "Sanchez Gonzalez, Diego"]
[Black "Julien Casteleiro, Ariel"]
[Result "0-1"]
[ECO "C02"]
[WhiteElo "1908"]
[BlackElo "1739"]
[Annotator "TA"]
[PlyCount "99"]
[EventDate "2024.03.23"]
[EventType "swiss"]
[EventCountry "ESP"]
[SourceTitle "playchess.com"]
[Source "ChessBase"]
[SourceQuality "1"]
[TimeControl "5400+30"]

1. e4 e6 2. d4 d5 3. e5 c5 4. c3 Nc6 5. Nf3 Qb6 6. a3 Bd7 7. b4 cxd4 8. cxd4 Rc8 9. Be3 Nh6 10. Bd3 Ng4 11. O-O Be7 12. Qd2 O-O 13. h3 Nxe3 14. fxe3 {[%emt 0:00:15] The position is equal.} f6 15. exf6 Bxf6 16. Bc2 Qc7 17. Ra2 Be8 18. Qf2 {[%emt 0:09:01][%cal Of3g5] Strongly threatening Ng5!} Bf7 19. Bb3 Bg6 20. Nbd2 Qb6 21. Kh1 h6 (21... Ne7 $142 $1 22. Bd1 Nf5) 22. Raa1 $17 Qb5 23. Rac1 Be7 (23... a5 $15 24. e4 axb4 (24... Bxe4 25. Nxe4 dxe4 26. Bxe6+ Kh8 27. Bxc8 $16) 25. exd5 exd5) 24. Qg3 (24. e4 $11) 24... Bf5 25. Ba2 (25. e4 $15 dxe4 (25... Bxe4 26. Qe1 $15) 26. Ne5) 25... a5 26. bxa5 Qxa5 27. Bb1 Qxa3 28. Bxf5 Rxf5 (28... exf5 $17 29. Rb1 Bd6 (29... Qxe3 30. Rfe1 $17)) 29. Rfe1 Rcf8 (29... Qd6 $17 30. Qf2 Rff8) 30. e4 ({White should play} 30. Qc7 $15) 30... Rf4 {[%emt 0:01:57] Threatens to win with ...dxe4.} 31. Qg6 R4f6 32. Qg4 Kh7 33. Qh5 (33. exd5 $17 exd5 34. Qd7) 33... Rf4 $19 {[%emt 0:02:08] ...g6 is the strong threat.} 34. Ne5 (34. exd5 g6 (34... Nxd4 35. Nxd4 Rxd4 36. Nf3 $17) 35. Nc4 Qb4 $19 (35... gxh5 36. Nxa3 Bxa3 37. Ra1 $17) (35... gxh5 36. Nxa3 Bxa3 37. dxc6 $17)) (34. Ra1 Qd6 35. Ne5 Nxe5 (35... Nxd4 36. Rab1 $19) 36. dxe5) 34... Qg3 $2 {[%emt 0:08:30] Active counter play!} (34... Nxd4 35. Qg6+ Kg8 36. exd5 $17) (34... Nxe5 $19 {and Black stays clearly on top.} 35. Qxe5 Bb4) 35. Nf1 Qg5 {[%emt 0:02:36] Some like it hot} 36. Qxg5 Bxg5 ({Don't play} 36... hxg5 37. exd5 exd5 (37... Nxd4 38. dxe6 Ba3 39. Rb1 $11) 38. Nxc6 $17) 37. exd5 exd5 {[%emt 0:02:11] Hoping for ...Re4.} 38. Nxc6 bxc6 39. Nh2 R4f6 (39... Rxd4 40. Rxc6 Rf6 41. Rc5) 40. Rc2 Bh4 41. Rec1 Bg3 42. Nf3 (42. Rxc6 $15 Rxc6 43. Rxc6) 42... Ra8 $17 43. Kg1 Ra6 44. Kf1 g5 45. Re2 h5 $1 {[%emt 0:01:12] And now ...Bf4 would win.} 46. Kg1 Bf4 47. Rf1 {[%emt 0:00:39] [#]} (47. Rb1 $17) 47... Ra3 (47... g4 $1 $19 {[%cal Rg4f3] has better winning chances.} 48. hxg4 hxg4) 48. Re7+ Kh6 49. Rfe1 {[%emt 0:00:31] [#] Inhibits Be3+.} (49. Rd1 $142) 49... g4 ({Better is} 49... Bg3 $1 $17 50. R7e6 Rg6) 50. R7e6 $2 {[%emt 0:01:02] Weighted Error Value: White=0.35/Black=0.41.  Loses game:     	White=2     	---        Missed win:     	---       	Black=1      Mistake:       	White=7     	Black=6      Inaccurate:     	White=7     	Black=4      OK:         	White=11    	Black=9      Best:        	White=2     	Black=1} (50. hxg4 $11 hxg4 51. Ne5) 0-1

[Event "XVI Memorial Lezcano Montalvo 2024"]
[Site "Gran Canaria"]
[Date "2024.03.31"]
[Round "9.37"]
[White "Gonzalez Ortega, Jose Miguel"]
[Black "Martinez Correa, Rafael"]
[Result "0-1"]
[ECO "A06"]
[WhiteElo "1858"]
[BlackElo "1597"]
[Annotator "NA RC COMBH"]
[PlyCount "134"]
[EventDate "2024.03.23"]
[EventType "swiss"]
[EventCountry "ESP"]
[SourceTitle "playchess.com"]
[Source "ChessBase"]
[SourceQuality "1"]
[TimeControl "5400+30"]

1. b3 d5 2. Bb2 c5 3. e3 Nc6 4. Nf3 Nf6 5. Bb5 Bd7 6. O-O e6 7. d4 Be7 8. c4 a6 9. Bxc6 Bxc6 10. Ne5 O-O 11. dxc5 Bxc5 12. Nxc6 bxc6 13. Nd2 Be7 14. Rc1 Nd7 15. Qc2 Bf6 16. Rfd1 Bxb2 17. Qxb2 Rc8 18. Nf3 Qf6 19. Qa3 Nb8 20. cxd5 cxd5 21. h3 h6 22. Qb4 Qb2 23. Rxc8 Rxc8 24. Qb7 Qc2 25. Rd2 Qc6 26. Qe7 Qc5 27. Qb7 Qc6 28. Qb4 Qc5 29. Qf4 Qc7 30. Qd4 Qc3 31. Qh4 Nc6 32. Qf4 Qb4 33. Qg3 Ne7 34. Rd4 Qc5 35. Ra4 Nf5 36. Qe5 a5 37. g4 Ne7 38. Qd4 Qxd4 39. Nxd4 Rc5 40. Kg2 Nc8 41. b4 axb4 42. Rxb4 Nd6 43. a4 Kf8 44. Rb6 Nc4 45. Rb8+ Ke7 46. Nb3 Rc7 47. Nd4 e5 48. Nf5+ Kf6 49. Rd8 Rc5 50. Kg3 h5 51. Rd7 hxg4 52. hxg4 Ke6 53. Ra7 g6 54. Ra6+ Kd7 55. Nh6 Nd6 56. Ra7+ Rc7 57. Ra5 Ke6 58. Ra6 d4 59. exd4 exd4 60. Kf3 Kd5 61. Ke2 Rc3 62. Ng8 d3+ 63. Kd1 Nc4 64. Ne7+ Ke4 65. f3+ Kxf3 66. Rf6+ Kg2 67. Rc6 d2 0-1

[Event "XVI Memorial Lezcano Montalvo 2024"]
[Site "Gran Canaria"]
[Date "2024.03.31"]
[Round "9.39"]
[White "Grube, Kurt"]
[Black "Ascension Suarez, Joel"]
[Result "1-0"]
[ECO "E14"]
[WhiteElo "1773"]
[BlackElo "1731"]
[Annotator "NA RC COMBH"]
[PlyCount "112"]
[EventDate "2024.03.23"]
[EventType "swiss"]
[EventCountry "ESP"]
[SourceTitle "playchess.com"]
[Source "ChessBase"]
[SourceQuality "1"]
[TimeControl "5400+30"]

1. c4 b6 2. Nf3 Bb7 3. d4 e6 4. e3 Nf6 5. Nc3 d5 6. Bd2 Nbd7 7. cxd5 Nxd5 8. Be2 Be7 9. O-O O-O 10. Rc1 c5 11. a3 N7f6 12. Nxd5 Bxd5 13. Ne5 cxd4 14. exd4 Bb7 15. Bf3 Bxf3 16. Nxf3 Ne4 17. Be3 Nd6 18. Ne5 Nf5 19. Nc6 Nxe3 20. fxe3 Qd7 21. Nxe7+ Qxe7 22. Qf3 Rac8 23. Qf4 f6 24. Qg4 f5 25. Qf4 g5 26. Qe5 Rxc1 27. Rxc1 Qf6 28. Qc7 Rf7 29. Qd6 Qe7 30. Rc8+ Kg7 31. Qe5+ Qf6 32. Qd6 f4 33. exf4 Qxf4 34. Qxf4 Rxf4 35. Rc7+ Kg6 36. Rc6 Kf5 37. Rd6 h5 38. g3 Rf3 39. Rd7 Rd3 40. Rxa7 Rxd4 41. Rf7+ Ke5 42. Rf2 Kd5 43. Rc2 e5 44. Kf2 e4 45. Ke2 Rd3 46. Kf2 Kd4 47. Ke2 h4 48. Rc3 Rxc3 49. bxc3+ Kxc3 50. Ke3 Kb3 51. Kxe4 Kxa3 52. gxh4 gxh4 53. Kd3 Kb3 54. h3 b5 55. Kd2 b4 56. Kd3 Ka2 1-0

[Event "XVI Memorial Lezcano Montalvo 2024"]
[Site "Gran Canaria"]
[Date "2024.03.31"]
[Round "9.40"]
[White "Delgado Armas, Francisco David"]
[Black "Yuan, Yingjie"]
[Result "0-1"]
[ECO "E71"]
[WhiteElo "1726"]
[BlackElo "1771"]
[Annotator "NA RC COMBH"]
[PlyCount "66"]
[EventDate "2024.03.23"]
[EventType "swiss"]
[EventCountry "ESP"]
[SourceTitle "playchess.com"]
[Source "ChessBase"]
[SourceQuality "1"]
[TimeControl "5400+30"]

1. Nf3 g6 2. d4 Bg7 3. c4 c5 4. d5 d6 5. e4 Nf6 6. Nc3 O-O 7. h3 e6 8. Bg5 Qb6 9. Qd2 exd5 10. Bxf6 Bxf6 11. Nxd5 Qd8 12. Nxf6+ Qxf6 13. h4 h5 14. O-O-O Rd8 15. Ng5 Nc6 16. f3 Nd4 17. Be2 a5 18. g4 Qf4 19. Kb1 Qxd2 20. Rxd2 f6 21. Nh3 hxg4 22. fxg4 Nxe2 23. Rxe2 Bxg4 24. Rg2 Bf3 25. Rxg6+ Kf7 26. Rhg1 Bxe4+ 27. Kc1 Bxg6 28. Nf4 Be4 29. h5 Rg8 30. Re1 Rae8 31. Rf1 Rg4 32. Ne2 Bd3 33. Rf4 Bxe2 0-1

[Event "XVI Memorial Lezcano Montalvo 2024"]
[Site "Gran Canaria"]
[Date "2024.03.31"]
[Round "9.41"]
[White "Perez Betancor, Jose Luis"]
[Black "Leandro Tejera, Damian"]
[Result "1-0"]
[ECO "B21"]
[WhiteElo "1765"]
[BlackElo "1483"]
[Annotator "NA RC COMBH"]
[PlyCount "87"]
[EventDate "2024.03.23"]
[EventType "swiss"]
[EventCountry "ESP"]
[SourceTitle "playchess.com"]
[Source "ChessBase"]
[SourceQuality "1"]
[TimeControl "5400+30"]

1. e4 c5 2. d4 cxd4 3. c3 dxc3 4. Nxc3 g6 5. Bc4 Bg7 6. Qb3 e6 7. Nb5 Qb6 8. Bf4 Qa5+ 9. Kf1 Na6 10. Nd6+ Ke7 11. Nf3 Nf6 12. e5 Ne8 13. Rd1 Nxd6 14. exd6+ Kf8 15. Bg5 Nc5 16. Qc2 b6 17. Be7+ Kg8 18. Nd4 Bb7 19. Nb5 h6 20. Nc7 Rc8 21. f3 Na6 22. Bxa6 Bxa6+ 23. Kf2 Kh7 24. Rhe1 f5 25. Kg1 Bb7 26. Kh1 g5 27. Qf2 Qxa2 28. Rd2 Qa4 29. Qe2 e5 30. Qd3 Kg6 31. b3 Qd4 32. Qe2 Qf4 33. Rdd1 Bf6 34. Bxf6 Kxf6 35. b4 h5 36. Rc1 g4 37. Rc3 Rcg8 38. Re3 Qxb4 39. Rxe5 Qxd6 40. Nb5 Qb8 41. Qc2 Rg5 42. Re7 gxf3 43. Qc3+ Kg6 44. Qg7# 1-0